Map: Acid Plant LE

Players

Gnomelad

  • Race: Protoss Protoss
  • League: Master
  • Spawn Location: 5:00

Prevail - Winner!

  • Race: Zerg Zerg
  • League: Master
  • Spawn Location: 11:00

VOD

Have the link to the VOD?

Description

ZvP

Time

  • Played on: May 26, 2018, 10:07 p.m.
  • Length: 16:40
Show
View Real Time Build Order
Export as new Build Order

Gnomelad Protoss 

Build Orders:  

Get SALT Encoding   

  12  0:01  Probe  
  13  0:13  Probe  
  14  0:21  Pylon  
  14  0:25  Probe  
  15  0:39  Probe  
  16  0:48  Gateway  
  16  0:52  Assimilator, Probe  
  17  1:01  Pylon  
  17  1:04  Probe  
  18  1:16  Probe  
  19  1:27  Pylon  
  19  1:28  Probe  
  20  1:37  Cybernetics Core  
  20  1:41  Gateway  
  20  2:05  Nexus  
  20  2:07  Assimilator  
  20  2:09  Probe  
  20  2:12  Stalker  
  21  2:19  Warp Gate  
  24  2:24  Adept, Probe  
  24  2:37  Probe  
  27  2:50  Twilight Council, Probe  
  28  3:06  Pylon  
  28  3:07  Probe  
  29  3:19  Robotics Facility, Probe  
  29  3:20  Probe  
  30  3:27  Charge  
  30  3:28  Pylon  
  30  3:38  Shield Battery  
  30  3:44  Gateway  
  30  3:46  Probe x2  
  32  3:58  Probe  
  32  4:00  Gateway, Probe  
  34  4:09  Warp Prism  
  36  4:10  Probe  
  36  4:12  Probe  
  38  4:20  Gateway  
  38  4:27  Gateway  
  38  4:30  Gateway  
  38  4:32  Pylon  
  38  4:40  Gateway  
  38  4:42  Gateway  
  38  4:50  Gateway  
  38  4:54  Gateway  
  38  5:04  Pylon x2  
  38  5:21  Zealot x3  
  40  5:23  Zealot x2  
  40  5:24  Zealot  
  50  5:31  Zealot  
  52  5:37  Zealot  
  52  5:38  Zealot  
  56  5:53  Zealot x8  
  50  6:02  Zealot x2  
  38  6:09  Probe  
  37  6:20  Probe  
  38  6:26  Stalker  
  38  6:28  Zealot x3  
  38  6:30  Probe  
  47  6:35  Probe  
  47  6:37  Assimilator  
  47  6:39  Assimilator  
  48  6:43  Adept, Nexus  
  49  6:49  Adept x4  
  49  6:51  Probe  
  58  6:55  Probe  
  59  7:03  Probe  
  60  7:08  Stalker  
  60  7:09  Stalker  
  60  7:11  Probe  
  65  7:23  Probe  
  65  7:29  Nexus  
  66  7:30  Pylon  
  65  7:41  Probe  
  65  7:43  Templar Archives, Probe  
  67  7:46  Zealot x2  
  67  7:49  Sentry  
  73  7:54  Sentry x2  
  73  7:56  Probe  
  73  7:57  Probe  
  79  8:14  Probe  
  79  8:16  Probe  
  81  8:21  Zealot x5  
  81  8:26  Probe  
  92  8:28  Sentry  
  94  8:36  Forge  
  94  8:37  Pylon  
  94  8:43  High Templar x2  
  94  8:45  Zealot x2  
  94  8:46  High Templar  
  104  8:53  Archon  
  104  8:54  Zealot  
  104  8:55  High Templar  
  108  9:00  Probe  
  97  9:11  Probe  
  97  9:12  High Templar  
  88  9:18  Assimilator  
  88  9:19  Assimilator  
  88  9:23  Zealot x3  
  88  9:24  Zealot  
  96  9:25  Probe  
  96  9:27  Pylon  
  96  9:28  Probe x2  
  96  9:29  Psionic Storm  
  99  9:35  Pylon  
  99  9:36  Shield Battery, Observer  
  99  9:37  Probe  
  100  9:40  Probe x2  
  103  9:51  High Templar  
  105  9:53  Zealot x2  
  105  9:58  High Templar  
  105  9:59  Archon  
  111  10:03  Archon  
  111  10:06  High Templar  
  113  10:08  Zealot x4  
  113  10:10  Probe  
  124  10:14  Probe  
  124  10:16  High Templar  
  126  10:25  Probe  
  126  10:31  Observer  
  126  10:33  Probe  
  126  10:34  High Templar x2  
  123  10:43  Nexus  
  123  10:55  High Templar x2  
  127  11:02  Probe  
  128  11:07  Assimilator  
  128  11:11  Assimilator  
  128  11:13  Protoss Ground Weapons Level 1, Pylon  
  128  11:14  High Templar x2  
  128  11:16  Pylon  
  132  11:18  Archon  
  132  11:23  Pylon  
  132  11:25  Pylon  
  132  11:35  Zealot x7  
  132  11:36  Zealot  
  148  11:43  Probe x3  
  148  11:45  Pylon  
  151  11:47  Resonating Glaives  
  151  11:54  Stargate  
  151  11:59  High Templar x2  
  151  12:00  High Templar  
  157  12:01  Zealot x2  
  157  12:02  Zealot x4  
  157  12:03  Archon  
  85  12:44  Archon  
  85  12:45  Archon  
  85  12:49  Zealot x3  
  85  12:50  Zealot x8  
  89  13:08  Gateway  
  89  13:10  Pylon  
  89  13:12  Zealot x5  
  99  13:13  Zealot x3  
  99  13:14  High Templar x3  
  99  13:19  Probe x3  
  114  13:25  Probe  
  115  13:28  Zealot x2  
  115  13:29  Zealot x3  
  125  13:39  High Templar x2  
  129  13:55  Protoss Ground Weapons Level 2  
  129  13:59  Zealot x4  
  129  14:01  High Templar  
  129  14:02  Zealot x3, High Templar  
  105  14:23  Zealot  
  105  14:24  Zealot x8  
  119  14:32  Void Ray  
  119  14:37  Stargate  
  111  14:39  Stargate  
  111  14:40  Stargate  
  111  14:43  Stargate  
  108  15:10  Fleet Beacon  
  104  15:20  Void Ray x4  
  104  15:21  Void Ray, Nexus  
  91  15:52  Zealot  
  91  15:53  Zealot x5  
  91  15:54  Zealot x3  
  88  16:34  Zealot x2  
Show
View Real Time Build Order
Export as new Build Order

Prevail Zerg - Winner!

Build Orders: Hatch First, Lurkers 

Get SALT Encoding   

  12  0:00  Drone  
  13  0:12  Overlord  
  13  0:17  Drone  
  14  0:30  Drone  
  14  0:31  Drone  
  14  0:34  Drone  
  17  0:52  Hatchery  
  17  0:54  Drone  
  17  0:57  Drone  
  18  1:09  Extractor  
  17  1:13  Spawning Pool  
  17  1:15  Drone  
  17  1:19  Drone  
  18  1:28  Drone  
  19  1:39  Drone  
  20  1:50  Overlord  
  20  1:59  Queen  
  22  2:05  Drone  
  23  2:09  Hatchery  
  23  2:11  Metabolic Boost  
  22  2:16  Drone  
  22  2:22  Drone x2  
  25  2:23  Drone  
  25  2:26  Zergling x2  
  27  2:32  Zergling x2  
  27  2:36  Queen  
  28  2:39  Drone  
  28  2:43  Drone  
  32  2:47  Overlord  
  32  2:57  Drone  
  33  2:58  Queen  
  33  3:05  Overlord x2  
  35  3:22  Queen  
  35  3:23  Drone x3  
  35  3:24  Drone x3  
  43  3:30  Drone  
  43  3:33  Spore Crawler x2  
  42  3:42  Drone x2  
  42  3:43  Drone x2  
  42  3:45  Extractor  
  45  3:54  Drone x3  
  45  3:55  Drone x2  
  50  4:02  Evolution Chamber  
  49  4:06  Queen  
  49  4:07  Overlord x2  
  51  4:11  Drone  
  51  4:12  Drone x2  
  51  4:14  Drone  
  55  4:23  Zergling x6  
  57  4:31  Drone x5  
  60  4:33  Zergling x4  
  60  4:35  Zerg Melee Weapons Level 1  
  64  4:39  Drone  
  64  4:41  Baneling Nest  
  64  4:44  Lair  
  64  4:50  Drone x3  
  64  4:51  Zergling x4  
  69  4:59  Drone  
  71  5:00  Drone x3, Roach Warren  
  71  5:03  Extractor  
  71  5:04  Overlord  
  71  5:12  Zergling x4  
  73  5:14  Overlord x2  
  73  5:23  Zergling x16  
  81  5:29  Overlord  
  81  5:33  Baneling x5  
  81  5:34  Baneling x7  
  81  5:35  Baneling  
  81  5:39  Zergling x6  
  81  5:41  Spine Crawler  
  83  5:46  Queen x2  
  83  5:48  Baneling x2  
  83  5:49  Zergling x2  
  75  6:02  Drone x5  
  75  6:03  Drone x4  
  76  6:19  Drone x2  
  76  6:23  Centrifical Hooks, Hydralisk Den  
  77  6:30  Zerg Missile Weapons Level 1  
  77  6:34  Drone x4  
  77  6:36  Drone x4, Extractor  
  77  6:37  Drone  
  85  6:45  Overseer x2  
  85  6:49  Overseer  
  85  6:51  Hatchery  
  84  6:54  Zergling x12  
  84  6:55  Zergling x4  
  84  6:57  Grooved Spines  
  92  7:08  Hydralisk  
  92  7:09  Hydralisk  
  92  7:11  Overlord x3  
  92  7:12  Drone x3  
  92  7:15  Spore Crawler, Drone x2, Extractor  
  100  7:16  Extractor  
  98  7:27  Overlord x4  
  99  7:37  Drone  
  99  7:38  Lurker Den  
  99  7:43  Drone x3  
  101  7:45  Hydralisk x5  
  111  7:52  Drone x2  
  111  7:53  Spine Crawler  
  111  7:54  Drone  
  112  8:17  Zergling x20  
  112  8:18  Zergling x6  
  125  8:23  Spore Crawler, Drone  
  125  8:28  Drone x5  
  125  8:31  Drone x2  
  125  8:32  Zerg Missile Weapons Level 2  
  132  8:36  Drone x2  
  132  8:37  Spine Crawler  
  132  8:38  Spine Crawler  
  132  8:41  Hydralisk, Extractor  
  132  8:42  Hydralisk  
  132  8:46  Extractor  
  133  9:01  Drone x6  
  131  9:12  Drone x3  
  131  9:13  Drone  
  131  9:32  Spine Crawler  
  131  9:33  Spine Crawler  
  131  9:34  Spine Crawler  
  131  9:35  Drone x6, Spine Crawler  
  131  9:36  Infestation Pit, Spine Crawler x2  
  130  9:45  Hydralisk x7  
  130  9:46  Hydralisk x3  
  130  9:48  Overlord  
  130  9:49  Overlord  
  151  9:52  Drone  
  151  9:57  Spine Crawler  
  150  10:01  Hatchery  
  150  10:05  Lurker x2  
  151  10:07  Overlord x3  
  151  10:11  Lurker x7  
  151  10:12  Lurker x4  
  162  10:14  Baneling  
  162  10:15  Baneling x4  
  162  10:16  Baneling x3  
  162  10:17  Baneling x2  
  162  10:23  Drone x2  
  162  10:24  Spine Crawler  
  162  10:28  Hive  
  163  10:30  Drone x2  
  163  10:31  Evolution Chamber, Hydralisk  
  166  10:57  Hydralisk x9  
  166  10:58  Hydralisk  
  166  11:00  Baneling x3  
  166  11:01  Baneling x2  
  186  11:08  Spire  
  186  11:10  Hatchery  
  184  11:22  Overlord  
  184  11:23  Overlord, Hydralisk x5  
  194  11:28  Zerg Ground Armor Level 1, Extractor  
  194  11:32  Extractor  
  192  11:38  Overseer x2  
  192  11:39  Pneumatized Carapace  
  192  11:43  Adaptive Talons  
  186  12:16  Hydralisk x7  
  200  12:24  Greater Spire  
  189  12:33  Hydralisk  
  189  12:34  Hydralisk x8  
  176  12:37  Swarm Host, Corruptor  
  176  12:38  Corruptor  
  176  12:39  Corruptor x4  
  174  12:45  Zergling x12  
  174  12:46  Zergling x2  
  178  12:56  Zergling x2  
  178  12:57  Zergling x14  
  183  13:11  Drone x3  
  186  13:28  Spore Crawler  
  186  13:30  Spine Crawler  
  186  13:31  Drone x2, Spine Crawler  
  185  13:36  Baneling x2  
  185  13:39  Brood Lord x5  
  199  13:44  Brood Lord  
  199  13:47  Overseer  
  193  14:00  Drone  
  193  14:01  Drone x6  
  193  14:02  Drone x7  
  190  14:11  Corruptor  
  190  14:12  Corruptor x2  
  194  14:18  Drone  
  194  14:19  Drone  
  196  14:29  Spine Crawler  
  194  14:49  Lurker x3  
  194  14:50  Lurker x2  
  197  15:19  Hydralisk  
  197  15:20  Hydralisk x7  
  187  15:46  Drone x12  
  199  16:10  Drone  
  189  16:27  Hatchery  
Tags
 
Composition
Lurkers
Matchup
PvZ
Spawn Locations
Cross Positions
Add a new tag
Caveats
  • Supply blocks, unpowered buildings, or Contaminate may cause inaccurate times.
  • Supply counts are checked every 10 seconds.